[ AOE2 MATCH · #477433770 ]
UnrankedMaya vs Persians
[ REPLAY ANALYSIS · EXTRACTED FROM THE RECORDED GAME ]
Feudal
13:55
Castle
20:07
Imperial
—
| APM avg | 32.0 |
| APM peak | 84 |
| eAPM avg | 16.2 |
| Villagers / military | 183 / 41 |
Focus
⚔️ 16.5% · 🌾 83.5%
Plumed Archer ×36 · Fishing Ship ×15 · Demolition Raft ×4 · Unknown (2626) ×2 · Monk ×1
Feudal
14:06
Castle
17:50
Imperial
—
| APM avg | 36.2 |
| APM peak | 84 |
| eAPM avg | 21.3 |
| Villagers / military | 92 / 18 |
Focus
⚔️ 16.2% · 🌾 83.8%
Conquistador ×6 · Fishing Ship ×5 · Battering Ram ×5 · Monk ×4 · Knight ×3
Feudal
13:53
Castle
18:34
Imperial
30:30
| APM avg | 38.0 |
| APM peak | 88 |
| eAPM avg | 20.4 |
| Villagers / military | 123 / 63 |
Focus
⚔️ 30.4% · 🌾 69.6%
Knight ×57 · Fishing Ship ×9 · Fire Galley ×3 · Galley ×2 · Unknown (2626) ×2 · Scout Cavalry ×1
Feudal
13:31
Castle
21:51
Imperial
—
| APM avg | 19.5 |
| APM peak | 36 |
| eAPM avg | 12.5 |
| Villagers / military | 74 / 26 |
Focus
⚔️ 25.3% · 🌾 74.7%
Fishing Ship ×14 · Galley ×12 · Leitis ×8 · Demolition Raft ×3 · Monk ×2 · Transport Ship ×1
Feudal
12:47
Castle
20:52
Imperial
—
| APM avg | 28.7 |
| APM peak | 55 |
| eAPM avg | 18.3 |
| Villagers / military | 112 / 26 |
Focus
⚔️ 29.8% · 🌾 70.2%
Galley ×8 · Fishing Ship ×6 · Monk ×5 · Mangonel ×5 · Spearman ×4 · Fire Galley ×4
Feudal
14:16
Castle
18:39
Imperial
—
| APM avg | 30.5 |
| APM peak | 102 |
| eAPM avg | 16.7 |
| Villagers / military | 163 / 18 |
Focus
⚔️ 20.3% · 🌾 79.7%
Petard ×13 · Fishing Ship ×7 · Mangonel ×3 · Monk ×2
Feudal
13:33
Castle
25:47
Imperial
—
| APM avg | 18.0 |
| APM peak | 49 |
| eAPM avg | 11.7 |
| Villagers / military | 52 / 48 |
Focus
⚔️ 30.2% · 🌾 69.8%
Samurai ×25 · Fire Galley ×11 · Fishing Ship ×9 · Militia ×6 · Battering Ram ×6
Feudal
14:41
Castle
18:15
Imperial
35:25
| APM avg | 17.6 |
| APM peak | 59 |
| eAPM avg | 11.8 |
| Villagers / military | 49 / 18 |
Focus
⚔️ 44.0% · 🌾 56.0%
War Wagon ×16 · Fishing Ship ×6 · Iron Pagoda ×2
Match map
Initial resources + every placement click. Lines = walls · curves = elevation contours. ◆ gold · ⬟ stone · ● berries · ✦ relic · ◌ wall gap
Your base· ✓ Closed at 20:07 · 59t walls · 3 gate(s)
魔兽难民's base· Open — 8t gap
trandaivippro95's base· Open — 7t gap
The Sorrow of Moldavia's base· Open — unwalled flank
passiontea's base· Open — 12t gap
Ux'Mi Quesa's base· Open — 5t gap
Fkhlst's base· Open — 15t gap
inertgas01's base· Open — 13t gap
Smoothed initial terrain · ◌ = detected wall gap · hover for details
Inputs per minute
— xidis - - 魔兽难民
Build order — xidis
First 150 of 291 actions detected
| 0:05 | Build | Town Center |
| 0:26 | Build | House |
| 0:27 | Build | House |
| 1:33 | Build | Dock |
| 2:28 | Research | Loom |
| 2:29 | Create | Villager (Male) ×3 |
| 2:29 | Create | Villager (Male) ×3 |
| 4:07 | Create | Villager (Male) ×2 |
| 4:08 | Create | Villager (Male) ×2 |
| 4:45 | Create | Villager (Male) |
| 4:45 | Create | Villager (Male) |
| 5:23 | Create | Villager (Male) |
| 5:23 | Create | Villager (Male) |
| 5:52 | Create | Villager (Male) |
| 5:53 | Create | Villager (Male) |
| 5:53 | Create | Villager (Male) |
| 6:10 | Build | House |
| 6:16 | Create | Villager (Male) |
| 6:17 | Create | Villager (Male) |
| 6:32 | Create | Villager (Male) |
| 6:32 | Create | Villager (Male) |
| 6:53 | Create | Villager (Male) |
| 6:53 | Create | Villager (Male) |
| 7:16 | Create | Villager (Male) |
| 7:16 | Create | Villager (Male) |
| 7:23 | Create | Fishing Ship |
| 7:23 | Create | Fishing Ship |
| 7:27 | Create | Fishing Ship |
| 7:28 | Create | Fishing Ship |
| 7:44 | Build | Mill |
| 8:09 | Create | Villager (Male) |
| 8:10 | Create | Villager (Male) |
| 8:10 | Create | Villager (Male) |
| 8:10 | Create | Villager (Male) |
| 8:10 | Create | Villager (Male) |
| 8:14 | Create | Fishing Ship |
| 8:15 | Create | Fishing Ship |
| 8:22 | Build | House |
| 8:53 | Build | House |
| 8:58 | Create | Villager (Male) |
| 9:23 | Create | Villager (Male) |
| 9:24 | Create | Villager (Male) |
| 9:58 | Create | Villager (Male) |
| 10:10 | Build | Mining Camp |
| 10:14 | Build | House |
| 10:16 | Create | Fishing Ship |
| 11:32 | Research | Feudal Age |
| 11:38 | Create | Fishing Ship |
| 11:39 | Create | Fishing Ship |
| 11:39 | Create | Fishing Ship |
| 11:48 | Create | Villager (Male) |
| 11:49 | Create | Villager (Male) |
| 12:15 | Build | Lumber Camp |
| 13:19 | Build | House |
| 13:20 | Build | House |
| 13:55 | Age | Feudal Age |
| 14:14 | Build | Barracks |
| 14:24 | Build | Barracks |
| 14:30 | Build | Blacksmith |
| 14:37 | Create | Villager (Male) |
| 14:40 | Create | Demolition Raft |
| 14:40 | Create | Demolition Raft |
| 14:45 | Create | Fishing Ship |
| 14:49 | Research | Tech 906 |
| 14:56 | Research | Double-Bit Axe |
| 15:34 | Build | House |
| 15:51 | Research | Gold Mining |
| 16:02 | Build | Archery Range |
| 16:12 | Research | Wheelbarrow |
| 16:18 | Create | Villager (Male) |
| 16:21 | Create | Demolition Raft |
| 16:24 | Create | Demolition Raft |
| 16:28 | Create | Fishing Ship |
| 16:56 | Research | Castle Age |
| 17:07 | Build | Mining Camp |
| 17:11 | Build | House |
| 17:12 | Build | House |
| 17:27 | Research | Stone Mining |
| 17:41 | Build | Stone Wall |
| 18:13 | Create | Villager (Male) |
| 18:13 | Create | Villager (Male) |
| 18:16 | Create | Fishing Ship |
| 18:17 | Create | Fishing Ship |
| 18:17 | Create | Fishing Ship |
| 18:31 | Build | Stone Wall |
| 18:33 | Build | Stone Wall |
| 18:38 | Build | Gate |
| 18:55 | Build | Stone Wall |
| 18:58 | Build | Gate |
| 19:07 | Build | Stone Wall |
| 19:10 | Build | Gate |
| 20:07 | Age | Castle Age |
| 20:11 | Build | Town Center |
| 20:44 | Research | Stone Shaft Mining |
| 20:47 | Research | Hand Cart |
| 20:48 | Research | Horse Collar |
| 20:51 | Research | Bow Saw |
| 21:09 | Create | Villager (Male) |
| 21:35 | Build | Town Center |
| 21:39 | Create | Villager (Male) |
| 21:40 | Create | Villager (Male) |
| 21:57 | Build | House |
| 21:59 | Build | House |
| 22:00 | Build | House |
| 22:03 | Build | House |
| 22:05 | Build | House |
| 22:06 | Build | House |
| 22:12 | Research | Town Watch |
| 22:12 | Create | Villager (Male) |
| 22:12 | Create | Villager (Male) |
| 22:13 | Create | Villager (Male) |
| 22:21 | Create | Villager (Male) |
| 22:22 | Create | Villager (Male) |
| 22:22 | Create | Villager (Male) |
| 22:50 | Create | Villager (Male) |
| 22:51 | Create | Villager (Male) |
| 23:02 | Build | Farm |
| 23:31 | Build | Farm |
| 23:32 | Build | Farm |
| 23:35 | Build | Farm |
| 23:39 | Build | Farm |
| 23:39 | Build | Farm |
| 23:42 | Research | Heavy Plow |
| 23:43 | Create | Villager (Male) |
| 23:44 | Create | Villager (Male) |
| 23:44 | Create | Villager (Male) |
| 23:44 | Create | Villager (Male) |
| 23:44 | Create | Villager (Male) |
| 23:45 | Create | Villager (Male) |
| 24:00 | Build | Farm |
| 24:00 | Build | Farm |
| 24:00 | Build | Farm |
| 24:18 | Create | Villager (Male) |
| 24:19 | Create | Villager (Male) |
| 24:42 | Create | Villager (Male) |
| 24:42 | Create | Villager (Male) |
| 24:43 | Create | Villager (Male) |
| 24:44 | Create | Villager (Male) |
| 24:47 | Build | Farm |
| 24:47 | Build | Farm |
| 24:47 | Build | Farm |
| 24:48 | Build | Farm |
| 24:49 | Build | Farm |
| 25:11 | Create | Villager (Male) |
| 25:11 | Create | Villager (Male) |
| 25:13 | Create | Villager (Male) |
| 25:13 | Create | Villager (Male) |
| 25:13 | Create | Villager (Male) |
| 25:54 | Create | Unit 2626 |
| 25:54 | Create | Unit 2626 |
Build order — 魔兽难民
First 150 of 246 actions detected
| 0:10 | Build | Town Center |
| 0:35 | Build | Dock |
| 0:37 | Build | House |
| 0:38 | Build | House |
| 2:36 | Create | Villager (Male) |
| 2:36 | Create | Villager (Male) |
| 2:37 | Create | Villager (Male) |
| 2:37 | Create | Villager (Male) |
| 2:37 | Create | Villager (Male) |
| 3:29 | Research | Loom |
| 3:30 | Research | Loom |
| 3:30 | Create | Villager (Male) |
| 3:30 | Create | Villager (Male) |
| 3:31 | Create | Villager (Male) |
| 3:31 | Create | Villager (Male) |
| 3:40 | Create | Villager (Male) |
| 3:40 | Create | Villager (Male) |
| 4:12 | Create | Villager (Male) |
| 4:12 | Create | Villager (Male) |
| 4:12 | Create | Villager (Male) |
| 4:19 | Create | Villager (Male) |
| 4:19 | Create | Villager (Male) |
| 4:19 | Create | Villager (Male) |
| 4:55 | Create | Villager (Male) |
| 4:56 | Create | Villager (Male) |
| 6:23 | Create | Villager (Male) |
| 6:24 | Create | Villager (Male) |
| 6:24 | Create | Villager (Male) |
| 7:12 | Build | House |
| 7:18 | Build | House |
| 7:23 | Create | Villager (Male) |
| 7:23 | Create | Villager (Male) |
| 7:24 | Create | Villager (Male) |
| 7:59 | Create | Villager (Male) |
| 8:04 | Create | Fishing Ship |
| 8:11 | Build | House |
| 8:38 | Build | Mill |
| 8:51 | Create | Villager (Male) |
| 9:05 | Build | Lumber Camp |
| 9:34 | Create | Villager (Male) |
| 9:34 | Create | Villager (Male) |
| 10:06 | Create | Fishing Ship |
| 10:25 | Create | Villager (Male) |
| 10:25 | Create | Villager (Male) |
| 10:29 | Create | Fishing Ship |
| 11:05 | Build | Mining Camp |
| 11:45 | Create | Fishing Ship |
| 11:56 | Research | Feudal Age |
| 11:57 | Research | Feudal Age |
| 11:57 | Research | Feudal Age |
| 12:25 | Build | Mining Camp |
| 12:43 | Create | Villager (Male) |
| 12:43 | Create | Villager (Male) |
| 13:18 | Build | House |
| 13:30 | Create | Fishing Ship |
| 14:06 | Age | Feudal Age |
| 14:08 | Build | Blacksmith |
| 14:33 | Build | Market |
| 15:10 | Research | Castle Age |
| 15:10 | Research | Castle Age |
| 15:10 | Research | Castle Age |
| 16:46 | Research | Horse Collar |
| 16:46 | Research | Horse Collar |
| 16:47 | Research | Double-Bit Axe |
| 16:47 | Research | Double-Bit Axe |
| 16:48 | Research | Double-Bit Axe |
| 16:50 | Create | Villager (Male) |
| 16:51 | Create | Villager (Male) |
| 17:50 | Age | Castle Age |
| 17:51 | Build | Castle |
| 17:59 | Build | Siege Workshop |
| 18:06 | Build | Siege Workshop |
| 18:12 | Create | Villager (Male) |
| 18:19 | Research | Padded Archer Armor |
| 18:19 | Research | Padded Archer Armor |
| 18:19 | Research | Fletching |
| 18:20 | Research | Fletching |
| 18:20 | Research | Fletching |
| 18:51 | Create | Conquistador |
| 19:05 | Build | Town Center |
| 19:31 | Create | Conquistador |
| 19:43 | Create | Villager (Male) |
| 20:13 | Build | Farm |
| 20:14 | Build | Farm |
| 20:15 | Build | Farm |
| 20:21 | Create | Battering Ram |
| 20:44 | Create | Villager (Male) |
| 20:45 | Create | Villager (Male) |
| 21:08 | Build | Town Center |
| 21:16 | Build | Town Center |
| 21:44 | Build | Farm |
| 21:46 | Build | Farm |
| 21:51 | Build | Farm |
| 21:53 | Create | Villager (Male) |
| 21:53 | Create | Villager (Male) |
| 22:20 | Build | Farm |
| 22:25 | Build | Farm |
| 22:34 | Create | Villager (Male) |
| 22:36 | Build | Farm |
| 23:00 | Create | Villager (Male) |
| 23:23 | Create | Villager (Male) |
| 23:28 | Build | Monastery |
| 23:43 | Create | Villager (Male) |
| 24:09 | Create | Monk |
| 24:21 | Create | Battering Ram |
| 24:31 | Build | Farm |
| 24:31 | Build | Farm |
| 24:32 | Build | Farm |
| 24:33 | Build | Farm |
| 24:37 | Build | Farm |
| 24:43 | Create | Villager (Male) |
| 24:46 | Create | Villager (Male) |
| 24:46 | Create | Villager (Male) |
| 25:13 | Create | Monk |
| 25:36 | Create | Villager (Male) |
| 25:36 | Create | Villager (Male) |
| 25:42 | Build | Farm |
| 25:42 | Build | Farm |
| 25:42 | Build | Farm |
| 25:43 | Build | Farm |
| 25:44 | Build | Farm |
| 25:45 | Build | Farm |
| 26:04 | Create | Villager (Male) |
| 26:05 | Create | Villager (Male) |
| 26:53 | Create | Monk |
| 27:24 | Create | Villager (Male) |
| 27:25 | Create | Villager (Male) |
| 27:35 | Create | Battering Ram |
| 27:41 | Create | Conquistador |
| 27:41 | Create | Conquistador |
| 27:56 | Build | Mill |
| 27:56 | Build | Farm |
| 27:57 | Build | Farm |
| 27:59 | Create | Villager (Male) |
| 27:59 | Create | Villager (Male) |
| 28:02 | Build | Farm |
| 28:06 | Research | Wheelbarrow |
| 28:07 | Research | Wheelbarrow |
| 28:27 | Create | Battering Ram |
| 29:02 | Create | Monk |
| 29:24 | Create | Villager (Male) |
| 29:24 | Create | Villager (Male) |
| 29:25 | Create | Villager (Male) |
| 29:26 | Create | Battering Ram |
| 29:28 | Create | Conquistador |
| 29:29 | Create | Conquistador |
| 29:46 | Create | Villager (Male) |
| 29:47 | Create | Villager (Male) |
| 29:47 | Create | Villager (Male) |
| 30:15 | Create | Villager (Male) |
Build order — trandaivippro95
First 150 of 360 actions detected
| 0:29 | Build | Town Center |
| 1:10 | Build | Dock |
| 1:11 | Build | House |
| 3:03 | Create | Villager (Male) |
| 3:03 | Create | Villager (Male) |
| 3:04 | Create | Villager (Male) |
| 3:04 | Create | Villager (Male) |
| 3:04 | Create | Villager (Male) |
| 3:17 | Create | Fishing Ship |
| 3:17 | Create | Fishing Ship |
| 3:56 | Create | Villager (Male) |
| 4:16 | Research | Loom |
| 4:44 | Create | Villager (Male) |
| 5:05 | Create | Villager (Male) |
| 5:20 | Build | House |
| 5:38 | Create | Villager (Male) |
| 5:45 | Build | House |
| 5:55 | Create | Villager (Male) |
| 6:30 | Create | Villager (Male) |
| 7:14 | Create | Villager (Male) |
| 7:14 | Create | Villager (Male) |
| 7:25 | Create | Villager (Male) |
| 7:25 | Create | Villager (Male) |
| 7:31 | Build | Mill |
| 8:01 | Create | Fishing Ship |
| 8:06 | Create | Villager (Male) |
| 8:14 | Create | Villager (Male) |
| 8:38 | Create | Villager (Male) |
| 8:52 | Create | Fishing Ship |
| 8:52 | Create | Fishing Ship |
| 9:25 | Create | Villager (Male) |
| 9:26 | Create | Villager (Male) |
| 9:39 | Build | Mining Camp |
| 9:51 | Build | House |
| 9:58 | Build | House |
| 10:12 | Create | Villager (Male) |
| 10:24 | Build | House |
| 10:37 | Build | Mining Camp |
| 11:03 | Build | Lumber Camp |
| 11:08 | Create | Villager (Male) |
| 11:45 | Build | Dock |
| 11:50 | Research | Feudal Age |
| 11:50 | Research | Feudal Age |
| 12:43 | Create | Fishing Ship |
| 12:48 | Build | House |
| 12:50 | Build | Outpost |
| 13:53 | Age | Feudal Age |
| 13:58 | Build | Market |
| 14:02 | Create | Villager (Male) |
| 14:08 | Research | Double-Bit Axe |
| 14:10 | Create | Villager (Male) |
| 14:26 | Build | Blacksmith |
| 14:50 | Research | Tech 906 |
| 14:51 | Create | Villager (Male) |
| 14:52 | Create | Villager (Male) |
| 15:28 | Build | Mining Camp |
| 15:34 | Create | Unit 2626 |
| 15:43 | Create | Fire Galley |
| 15:44 | Create | Fire Galley |
| 16:08 | Research | Castle Age |
| 16:13 | Create | Fire Galley |
| 16:18 | Create | Unit 2626 |
| 16:29 | Build | House |
| 16:30 | Build | House |
| 16:33 | Build | Palisade Wall |
| 16:48 | Build | House |
| 16:50 | Build | Palisade Wall |
| 16:55 | Build | Palisade Wall |
| 16:56 | Create | Villager (Male) |
| 17:18 | Create | Fishing Ship |
| 17:19 | Create | Fishing Ship |
| 17:23 | Create | Fishing Ship |
| 17:41 | Create | Villager (Male) |
| 18:00 | Build | House |
| 18:01 | Build | House |
| 18:34 | Age | Castle Age |
| 18:35 | Create | Villager (Male) |
| 19:03 | Create | Villager (Male) |
| 19:03 | Create | Villager (Male) |
| 19:11 | Build | Town Center |
| 19:16 | Build | House |
| 19:17 | Build | House |
| 19:18 | Build | Stone Wall |
| 19:21 | Research | War Galley (upgrade) |
| 19:22 | Research | War Galley (upgrade) |
| 19:24 | Create | Villager (Male) |
| 19:31 | Build | House |
| 19:32 | Build | House |
| 19:35 | Build | Stone Wall |
| 19:43 | Build | Stone Wall |
| 19:46 | Build | Stone Wall |
| 19:53 | Create | Villager (Male) |
| 19:54 | Create | Villager (Male) |
| 19:54 | Create | Villager (Male) |
| 19:55 | Create | Villager (Male) |
| 19:58 | Research | Wheelbarrow |
| 20:04 | Research | Bow Saw |
| 20:19 | Create | Galley |
| 20:19 | Create | Galley |
| 20:38 | Create | Villager (Male) |
| 20:39 | Create | Villager (Male) |
| 20:40 | Build | Farm |
| 20:41 | Build | Farm |
| 20:42 | Create | Villager (Male) |
| 20:48 | Create | Villager (Male) |
| 20:52 | Create | Villager (Male) |
| 21:19 | Build | Farm |
| 21:23 | Build | Farm |
| 21:29 | Build | Farm |
| 21:30 | Build | Farm |
| 21:50 | Build | Stone Wall |
| 21:52 | Build | Stone Wall |
| 22:00 | Build | Gate |
| 22:18 | Create | Villager (Male) |
| 22:20 | Build | Farm |
| 22:21 | Build | Farm |
| 22:22 | Create | Villager (Male) |
| 22:25 | Research | Horse Collar |
| 22:25 | Research | Horse Collar |
| 22:34 | Build | Farm |
| 22:35 | Build | Farm |
| 22:35 | Build | Farm |
| 22:35 | Build | Farm |
| 22:35 | Build | Farm |
| 22:36 | Build | Farm |
| 22:36 | Build | Farm |
| 22:40 | Create | Villager (Male) |
| 22:40 | Create | Villager (Male) |
| 22:44 | Build | Farm |
| 22:50 | Create | Villager (Male) |
| 22:50 | Create | Villager (Male) |
| 22:57 | Create | Villager (Male) |
| 23:05 | Build | Barracks |
| 23:05 | Build | House |
| 23:06 | Create | Villager (Male) |
| 23:25 | Create | Villager (Male) |
| 23:26 | Create | Villager (Male) |
| 23:28 | Create | Villager (Male) |
| 23:49 | Build | Gate |
| 23:54 | Create | Villager (Male) |
| 23:57 | Build | Farm |
| 23:58 | Build | Farm |
| 24:00 | Create | Villager (Male) |
| 24:01 | Create | Villager (Male) |
| 24:01 | Create | Villager (Male) |
| 24:02 | Create | Villager (Male) |
| 24:19 | Build | Farm |
| 24:22 | Build | Farm |
| 24:23 | Build | Farm |
| 24:25 | Build | Farm |
Build order — The Sorrow of Moldavia
First 150 of 184 actions detected
| 0:56 | Build | Town Center |
| 1:59 | Build | Dock |
| 2:38 | Build | House |
| 3:12 | Create | Villager (Male) ×5 |
| 3:12 | Create | Villager (Male) ×5 |
| 3:13 | Create | Villager (Male) |
| 4:25 | Create | Fishing Ship |
| 5:05 | Build | House |
| 5:12 | Create | Villager (Male) |
| 5:24 | Create | Fishing Ship |
| 6:01 | Create | Fishing Ship |
| 6:04 | Research | Loom |
| 6:23 | Build | House |
| 6:28 | Create | Villager (Male) |
| 6:33 | Create | Fishing Ship |
| 7:07 | Create | Fishing Ship |
| 7:09 | Create | Villager (Male) |
| 7:41 | Create | Fishing Ship |
| 7:47 | Create | Villager (Male) |
| 7:52 | Build | House |
| 8:13 | Create | Fishing Ship |
| 8:19 | Create | Villager (Male) |
| 8:40 | Create | Villager (Male) |
| 8:48 | Build | Mill |
| 8:54 | Create | Villager (Male) |
| 9:09 | Create | Fishing Ship |
| 9:32 | Build | House |
| 9:37 | Create | Villager (Male) |
| 9:48 | Create | Fishing Ship |
| 10:10 | Create | Villager (Male) |
| 10:26 | Create | Fishing Ship |
| 10:36 | Create | Villager (Male) |
| 10:50 | Build | Mining Camp |
| 11:07 | Build | House |
| 11:21 | Research | Feudal Age |
| 12:33 | Create | Villager (Male) |
| 12:33 | Create | Villager (Male) |
| 13:31 | Age | Feudal Age |
| 13:57 | Build | Blacksmith |
| 14:13 | Create | Galley |
| 14:14 | Create | Galley |
| 14:33 | Build | Dock |
| 14:42 | Create | Villager (Male) |
| 14:42 | Create | Villager (Male) |
| 14:42 | Create | Villager (Male) |
| 14:43 | Create | Villager (Male) |
| 14:55 | Research | Forging |
| 14:59 | Build | House |
| 15:07 | Create | Transport Ship |
| 15:11 | Create | Galley |
| 15:42 | Create | Galley |
| 15:42 | Create | Galley |
| 16:13 | Create | Galley |
| 16:13 | Create | Galley |
| 16:24 | Create | Villager (Male) |
| 16:24 | Create | Villager (Male) |
| 16:24 | Create | Villager (Male) |
| 16:52 | Build | House |
| 17:03 | Build | Market |
| 17:11 | Build | House |
| 18:01 | Create | Galley |
| 18:02 | Create | Galley |
| 19:06 | Build | Dock |
| 19:11 | Research | Castle Age |
| 19:26 | Build | Mill |
| 19:47 | Create | Demolition Raft |
| 19:47 | Create | Demolition Raft |
| 19:51 | Create | Fishing Ship |
| 19:51 | Create | Fishing Ship |
| 19:55 | Build | House |
| 20:13 | Build | Lumber Camp |
| 20:21 | Create | Villager (Male) |
| 20:21 | Create | Villager (Male) |
| 20:35 | Build | House |
| 21:13 | Create | Galley |
| 21:13 | Create | Galley |
| 21:13 | Create | Galley |
| 21:35 | Create | Villager (Male) |
| 21:36 | Create | Villager (Male) |
| 21:51 | Age | Castle Age |
| 22:29 | Build | Town Center |
| 22:50 | Create | Demolition Raft |
| 22:55 | Create | Fishing Ship |
| 22:55 | Create | Fishing Ship |
| 23:08 | Create | Villager (Male) |
| 23:09 | Create | Villager (Male) |
| 23:23 | Build | Town Center |
| 23:36 | Create | Villager (Male) |
| 23:36 | Create | Villager (Male) |
| 23:37 | Create | Villager (Male) |
| 23:37 | Create | Villager (Male) |
| 24:00 | Create | Villager (Male) |
| 24:08 | Create | Villager (Male) |
| 24:08 | Create | Villager (Male) |
| 24:20 | Build | Monastery |
| 24:38 | Research | War Galley (upgrade) |
| 24:43 | Create | Villager (Male) |
| 24:43 | Create | Villager (Male) |
| 24:46 | Create | Villager (Male) |
| 24:46 | Create | Villager (Male) |
| 24:48 | Create | Villager (Male) |
| 24:48 | Create | Villager (Male) |
| 24:58 | Research | Fletching |
| 25:54 | Create | Villager (Male) |
| 25:54 | Create | Villager (Male) |
| 25:55 | Create | Villager (Male) |
| 26:10 | Build | Mining Camp |
| 26:13 | Create | Villager (Male) |
| 26:13 | Create | Villager (Male) |
| 26:16 | Create | Monk |
| 26:16 | Create | Monk |
| 26:20 | Build | Farm |
| 26:51 | Create | Villager (Male) |
| 26:52 | Create | Villager (Male) |
| 27:14 | Create | Villager (Male) |
| 27:23 | Build | Farm |
| 27:24 | Build | Farm |
| 27:24 | Build | Farm |
| 27:24 | Build | Farm |
| 27:25 | Build | Farm |
| 27:25 | Build | Farm |
| 27:29 | Build | Farm |
| 27:29 | Build | Farm |
| 27:30 | Build | Farm |
| 27:30 | Build | Farm |
| 27:30 | Build | Farm |
| 27:30 | Build | Farm |
| 27:31 | Build | Farm |
| 27:31 | Build | Farm |
| 27:31 | Build | Farm |
| 27:31 | Build | Farm |
| 28:15 | Create | Villager (Male) |
| 28:16 | Create | Villager (Male) |
| 28:24 | Build | Farm |
| 28:24 | Build | Farm |
| 28:24 | Build | Farm |
| 28:24 | Build | Farm |
| 28:25 | Build | Farm |
| 28:25 | Build | Farm |
| 28:25 | Build | Farm |
| 28:51 | Build | House |
| 29:06 | Build | House |
| 29:29 | Research | Wheelbarrow |
| 29:29 | Research | Town Watch |
| 29:48 | Create | Villager (Male) |
| 29:48 | Create | Villager (Male) |
| 29:52 | Build | House |
| 30:07 | Create | Villager (Male) |
| 30:08 | Create | Villager (Male) |
| 30:10 | Create | Villager (Male) |
Build order — passiontea
First 150 of 262 actions detected
| 0:30 | Build | Town Center |
| 0:50 | Build | Dock |
| 1:01 | Build | Palisade Wall |
| 1:03 | Build | Palisade Wall |
| 2:56 | Create | Villager (Male) |
| 2:56 | Create | Villager (Male) |
| 2:56 | Create | Villager (Male) |
| 3:57 | Create | Villager (Male) |
| 3:58 | Create | Villager (Male) |
| 3:58 | Create | Villager (Male) |
| 3:59 | Create | Fishing Ship |
| 4:15 | Build | House |
| 4:46 | Create | Villager (Male) |
| 5:20 | Create | Villager (Male) |
| 5:36 | Create | Villager (Male) |
| 5:37 | Create | Fishing Ship |
| 6:08 | Create | Villager (Male) |
| 6:19 | Build | House |
| 6:39 | Create | Fishing Ship |
| 6:40 | Create | Villager (Male) |
| 6:52 | Build | House |
| 7:15 | Create | Villager (Male) |
| 7:23 | Create | Villager (Male) |
| 7:26 | Create | Fishing Ship |
| 8:00 | Create | Fishing Ship |
| 8:08 | Create | Villager (Male) |
| 8:25 | Build | House |
| 8:37 | Create | Villager (Male) |
| 8:41 | Build | Lumber Camp |
| 8:45 | Build | House |
| 9:00 | Build | House |
| 9:05 | Create | Villager (Male) |
| 9:27 | Create | Villager (Male) |
| 10:12 | Create | Villager (Male) |
| 10:20 | Research | Feudal Age |
| 10:29 | Build | House |
| 10:34 | Create | Fishing Ship |
| 10:52 | Build | House |
| 12:07 | Build | Dock |
| 12:35 | Build | Mining Camp |
| 12:39 | Create | Villager (Male) |
| 12:47 | Age | Feudal Age |
| 12:51 | Create | Galley |
| 12:53 | Create | Galley |
| 13:08 | Build | House |
| 13:15 | Build | House |
| 13:18 | Create | Galley |
| 13:18 | Create | Villager (Male) |
| 13:32 | Build | Blacksmith |
| 13:40 | Research | Double-Bit Axe |
| 13:41 | Create | Villager (Male) |
| 14:10 | Create | Villager (Male) |
| 14:19 | Research | Loom |
| 14:39 | Create | Villager (Male) |
| 14:41 | Research | Fletching |
| 15:19 | Create | Fire Galley |
| 15:19 | Create | Fire Galley |
| 15:35 | Create | Villager (Male) |
| 15:45 | Build | Mill |
| 15:48 | Create | Villager (Male) |
| 15:51 | Create | Fire Galley |
| 15:59 | Build | House |
| 16:15 | Create | Fire Galley |
| 16:15 | Create | Galley |
| 16:17 | Create | Villager (Male) |
| 16:20 | Build | House |
| 16:22 | Build | House |
| 16:44 | Build | Market |
| 16:54 | Create | Villager (Male) |
| 16:59 | Create | Galley |
| 17:02 | Build | House |
| 17:22 | Create | Villager (Male) |
| 17:32 | Create | Galley |
| 17:33 | Create | Galley |
| 17:34 | Create | Villager (Male) |
| 17:55 | Create | Galley |
| 18:12 | Research | Castle Age |
| 18:19 | Build | House |
| 19:14 | Build | Lumber Camp |
| 19:20 | Build | Farm |
| 19:20 | Build | Farm |
| 19:21 | Build | Farm |
| 19:22 | Build | Farm |
| 19:40 | Build | Mining Camp |
| 20:07 | Build | Farm |
| 20:52 | Age | Castle Age |
| 21:02 | Build | Monastery |
| 21:03 | Research | War Galley (upgrade) |
| 21:05 | Research | Bodkin Arrow |
| 21:07 | Create | Villager (Male) |
| 21:19 | Build | Town Center |
| 21:21 | Create | Villager (Male) |
| 21:24 | Build | House |
| 21:38 | Create | Villager (Male) |
| 21:40 | Research | Bow Saw |
| 21:58 | Create | Villager (Male) |
| 22:04 | Research | Sanctity |
| 22:05 | Create | Monk |
| 22:05 | Create | Monk |
| 22:07 | Research | Sanctity |
| 22:09 | Build | Farm |
| 22:35 | Create | Villager (Male) |
| 22:55 | Create | Villager (Male) |
| 23:06 | Build | Town Center |
| 23:09 | Create | Villager (Male) |
| 23:09 | Create | Villager (Male) |
| 23:21 | Create | Villager (Male) |
| 23:25 | Build | Farm |
| 23:29 | Build | Farm |
| 24:01 | Build | Siege Workshop |
| 24:06 | Create | Villager (Male) |
| 24:12 | Build | Barracks |
| 24:14 | Research | Scale Mail Armor |
| 24:18 | Create | Villager (Male) |
| 24:20 | Research | Wheelbarrow |
| 24:22 | Create | Villager (Male) |
| 24:26 | Build | Town Center |
| 24:28 | Create | Villager (Male) |
| 24:38 | Create | Villager (Male) |
| 25:02 | Create | Mangonel |
| 25:03 | Create | Villager (Male) |
| 25:05 | Create | Spearman |
| 25:09 | Create | Monk |
| 25:09 | Create | Monk |
| 25:16 | Build | Farm |
| 25:17 | Build | Farm |
| 25:20 | Build | Farm |
| 25:22 | Create | Villager (Male) |
| 25:31 | Research | Squires |
| 25:31 | Create | Spearman |
| 25:45 | Create | Mangonel |
| 25:50 | Create | Villager (Male) |
| 26:17 | Create | Monk |
| 26:20 | Create | Spearman |
| 26:23 | Create | Villager (Male) |
| 26:49 | Build | Farm |
| 26:49 | Build | Farm |
| 26:50 | Build | Farm |
| 26:51 | Build | Farm |
| 26:52 | Create | Villager (Male) |
| 26:53 | Create | Villager (Male) |
| 26:57 | Build | Farm |
| 26:58 | Build | Farm |
| 26:58 | Build | Mill |
| 26:59 | Build | Farm |
| 26:59 | Build | Farm |
| 26:59 | Build | Farm |
| 27:00 | Build | Farm |
| 27:18 | Create | Mangonel |
| 27:19 | Create | Villager (Male) |
Build order — Ux'Mi Quesa
First 150 of 274 actions detected
| 0:36 | Build | Town Center |
| 2:40 | Build | Dock |
| 2:42 | Build | House |
| 3:07 | Create | Villager (Male) |
| 3:07 | Create | Villager (Male) |
| 3:08 | Create | Villager (Male) |
| 3:08 | Create | Villager (Male) |
| 3:08 | Create | Villager (Male) |
| 3:08 | Create | Villager (Male) |
| 4:15 | Create | Fishing Ship |
| 4:28 | Research | Loom |
| 4:37 | Build | House |
| 5:06 | Build | House |
| 5:36 | Create | Villager (Male) |
| 5:36 | Create | Villager (Male) |
| 5:37 | Create | Villager (Male) |
| 6:08 | Create | Fishing Ship |
| 6:13 | Create | Villager (Male) |
| 6:13 | Create | Villager (Male) |
| 6:33 | Build | House |
| 6:39 | Create | Villager (Male) |
| 6:39 | Create | Villager (Male) |
| 6:52 | Create | Villager (Male) |
| 6:52 | Create | Villager (Male) |
| 7:22 | Create | Villager (Male) |
| 7:22 | Create | Villager (Male) |
| 7:27 | Create | Fishing Ship |
| 7:31 | Create | Villager (Male) |
| 7:32 | Create | Villager (Male) |
| 7:32 | Create | Villager (Male) |
| 7:41 | Build | House |
| 8:05 | Create | Villager (Male) |
| 8:08 | Create | Fishing Ship |
| 8:30 | Create | Villager (Male) |
| 8:31 | Create | Villager (Male) |
| 8:47 | Build | House |
| 8:49 | Create | Villager (Male) |
| 8:50 | Create | Villager (Male) |
| 8:54 | Build | House |
| 9:06 | Create | Villager (Male) |
| 9:06 | Create | Villager (Male) |
| 9:24 | Create | Fishing Ship |
| 9:30 | Create | Villager (Male) |
| 9:41 | Create | Fishing Ship |
| 9:56 | Create | Villager (Male) |
| 9:56 | Create | Villager (Male) |
| 9:57 | Create | Villager (Male) |
| 9:57 | Create | Villager (Male) |
| 9:57 | Create | Villager (Male) |
| 10:14 | Create | Villager (Male) |
| 10:14 | Create | Villager (Male) |
| 10:16 | Create | Fishing Ship |
| 10:44 | Build | Mining Camp |
| 11:24 | Create | Villager (Male) |
| 11:37 | Build | Mill |
| 12:06 | Research | Feudal Age |
| 13:20 | Build | Dock |
| 14:06 | Create | Villager (Male) |
| 14:06 | Create | Villager (Male) |
| 14:16 | Age | Feudal Age |
| 14:25 | Build | Market |
| 14:33 | Build | Blacksmith |
| 14:55 | Create | Villager (Male) |
| 14:58 | Build | Farm |
| 15:01 | Build | Farm |
| 15:05 | Build | Farm |
| 15:13 | Build | Palisade Wall |
| 15:15 | Build | Palisade Wall |
| 15:25 | Build | House |
| 15:31 | Build | Palisade Wall |
| 15:57 | Research | Castle Age |
| 16:11 | Build | Stone Wall |
| 16:17 | Build | Stone Wall |
| 16:50 | Build | Stone Wall |
| 17:02 | Build | Lumber Camp |
| 17:07 | Research | Horse Collar |
| 17:55 | Build | Watch Tower |
| 17:59 | Research | Fletching |
| 18:27 | Create | Villager (Male) |
| 18:28 | Create | Villager (Male) |
| 18:39 | Age | Castle Age |
| 19:21 | Build | Gate |
| 19:56 | Build | Town Center |
| 20:01 | Research | Wheelbarrow |
| 20:46 | Create | Villager (Male) |
| 21:06 | Create | Villager (Male) |
| 21:14 | Build | Town Center |
| 21:23 | Create | Villager (Male) |
| 21:29 | Research | Double-Bit Axe |
| 21:29 | Research | Double-Bit Axe |
| 21:33 | Create | Villager (Male) |
| 21:37 | Create | Villager (Male) |
| 21:45 | Create | Villager (Male) |
| 21:55 | Build | Outpost |
| 21:57 | Create | Villager (Male) |
| 21:58 | Create | Villager (Male) |
| 21:59 | Create | Villager (Male) |
| 22:28 | Create | Villager (Male) |
| 22:28 | Create | Villager (Male) |
| 22:43 | Build | Siege Workshop |
| 22:45 | Create | Villager (Male) |
| 23:06 | Create | Villager (Male) |
| 23:07 | Create | Villager (Male) |
| 23:08 | Create | Villager (Male) |
| 23:15 | Build | Farm |
| 23:16 | Build | Farm |
| 23:18 | Build | Farm |
| 23:20 | Build | Farm |
| 23:25 | Create | Villager (Male) |
| 23:58 | Build | House |
| 23:59 | Build | House |
| 24:04 | Create | Mangonel |
| 24:12 | Create | Villager (Male) |
| 24:24 | Create | Villager (Male) |
| 24:24 | Create | Villager (Male) |
| 24:36 | Build | Monastery |
| 24:50 | Create | Villager (Male) |
| 24:50 | Create | Villager (Male) |
| 24:54 | Create | Mangonel |
| 24:56 | Create | Villager (Male) |
| 24:56 | Create | Villager (Male) |
| 25:03 | Build | House |
| 25:25 | Create | Villager (Male) |
| 25:25 | Create | Villager (Male) |
| 25:25 | Create | Villager (Male) |
| 25:44 | Create | Villager (Male) |
| 25:44 | Create | Villager (Male) |
| 26:03 | Build | Mining Camp |
| 26:04 | Create | Villager (Male) |
| 26:04 | Create | Villager (Male) |
| 26:08 | Build | Mill |
| 26:09 | Build | Farm |
| 26:09 | Build | Farm |
| 26:09 | Build | Farm |
| 26:10 | Build | Farm |
| 26:10 | Build | Farm |
| 26:10 | Build | Farm |
| 26:11 | Build | Farm |
| 26:11 | Build | Farm |
| 26:11 | Build | Farm |
| 26:11 | Build | Farm |
| 26:24 | Create | Villager (Male) |
| 26:53 | Create | Villager (Male) |
| 26:53 | Create | Villager (Male) |
| 26:54 | Create | Villager (Male) |
| 27:07 | Create | Villager (Male) |
| 27:07 | Create | Villager (Male) |
| 27:22 | Create | Villager (Male) |
| 27:23 | Create | Villager (Male) |
| 27:31 | Build | Monastery |
Build order — Fkhlst
First 150 of 183 actions detected
| 0:12 | Build | House |
| 0:30 | Build | Town Center |
| 0:55 | Build | House |
| 2:41 | Create | Villager (Male) |
| 2:41 | Create | Villager (Male) |
| 2:41 | Create | Villager (Male) |
| 2:41 | Create | Villager (Male) |
| 3:57 | Research | Loom |
| 3:58 | Create | Villager (Male) |
| 4:59 | Build | Dock |
| 5:03 | Create | Villager (Male) |
| 5:04 | Create | Villager (Male) |
| 5:04 | Create | Villager (Male) |
| 5:41 | Create | Villager (Male) |
| 5:58 | Create | Villager (Male) |
| 5:59 | Create | Villager (Male) |
| 6:14 | Create | Fishing Ship |
| 6:33 | Create | Villager (Male) |
| 6:33 | Create | Villager (Male) |
| 7:05 | Create | Villager (Male) |
| 7:05 | Create | Villager (Male) |
| 7:18 | Create | Fishing Ship |
| 7:19 | Create | Fishing Ship |
| 7:28 | Create | Villager (Male) |
| 7:28 | Create | Villager (Male) |
| 7:47 | Create | Villager (Male) |
| 7:47 | Create | Villager (Male) |
| 7:55 | Build | House |
| 7:57 | Build | House |
| 8:13 | Create | Fishing Ship |
| 8:28 | Create | Villager (Male) |
| 8:28 | Create | Villager (Male) |
| 8:28 | Create | Villager (Male) |
| 8:41 | Build | House |
| 8:56 | Create | Villager (Male) |
| 9:09 | Create | Villager (Male) |
| 9:23 | Create | Villager (Male) |
| 9:39 | Build | Mill |
| 9:55 | Create | Fishing Ship |
| 10:29 | Create | Fishing Ship |
| 11:23 | Research | Feudal Age |
| 11:33 | Build | Barracks |
| 12:16 | Build | House |
| 12:18 | Create | Militia |
| 12:18 | Create | Militia |
| 12:47 | Build | House |
| 12:51 | Build | House |
| 13:05 | Create | Militia |
| 13:05 | Create | Militia |
| 13:26 | Build | House |
| 13:33 | Age | Feudal Age |
| 13:37 | Research | Man-at-Arms (upgrade) |
| 14:17 | Create | Fire Galley |
| 14:38 | Build | Palisade Gate |
| 14:43 | Create | Villager (Male) |
| 14:43 | Create | Villager (Male) |
| 14:43 | Create | Villager (Male) |
| 15:21 | Create | Fire Galley |
| 15:24 | Create | Villager (Male) |
| 15:54 | Create | Villager (Male) |
| 15:55 | Create | Villager (Male) |
| 16:01 | Build | Blacksmith |
| 16:04 | Build | Market |
| 16:24 | Build | Watch Tower |
| 16:36 | Research | Arson |
| 16:43 | Create | Villager (Male) |
| 17:07 | Create | Fire Galley |
| 18:13 | Create | Fire Galley |
| 18:27 | Create | Militia |
| 18:27 | Create | Militia |
| 18:42 | Create | Fire Galley |
| 18:46 | Build | House |
| 18:57 | Build | House |
| 19:18 | Research | Fletching |
| 19:32 | Build | Dock |
| 19:46 | Build | Gate |
| 19:56 | Build | Mill |
| 20:25 | Create | Fire Galley |
| 20:30 | Create | Villager (Male) |
| 20:30 | Create | Villager (Male) |
| 20:55 | Create | Fire Galley |
| 21:06 | Build | House |
| 21:08 | Build | House |
| 21:16 | Build | House |
| 21:29 | Build | Palisade Wall |
| 22:23 | Build | Stone Wall |
| 22:52 | Create | Fire Galley |
| 23:07 | Research | Castle Age |
| 23:13 | Build | House |
| 23:27 | Create | Fire Galley |
| 23:45 | Build | Mining Camp |
| 23:50 | Build | Lumber Camp |
| 24:06 | Create | Fire Galley |
| 24:07 | Create | Fire Galley |
| 24:25 | Build | House |
| 24:27 | Build | House |
| 25:47 | Age | Castle Age |
| 25:56 | Research | Double-Bit Axe |
| 25:59 | Create | Villager (Male) |
| 26:00 | Create | Villager (Male) |
| 26:00 | Create | Villager (Male) |
| 26:00 | Create | Villager (Male) |
| 26:31 | Build | Town Center |
| 27:11 | Build | House |
| 27:13 | Create | Villager (Male) |
| 27:14 | Create | Villager (Male) |
| 27:43 | Build | House |
| 27:46 | Create | Villager (Male) |
| 27:46 | Create | Villager (Male) |
| 27:47 | Create | Villager (Male) |
| 27:47 | Create | Villager (Male) |
| 27:47 | Create | Villager (Male) |
| 27:47 | Create | Villager (Male) |
| 27:48 | Create | Villager (Male) |
| 27:50 | Research | Bow Saw |
| 27:55 | Research | Horse Collar |
| 27:58 | Research | Tech 906 |
| 28:03 | Build | Farm |
| 28:05 | Build | Farm |
| 28:39 | Build | House |
| 29:26 | Build | Castle |
| 29:52 | Build | Siege Workshop |
| 29:57 | Build | Siege Workshop |
| 30:04 | Create | Villager (Male) |
| 30:04 | Create | Villager (Male) |
| 30:11 | Build | Dock |
| 30:20 | Create | Fishing Ship |
| 30:20 | Create | Fishing Ship |
| 30:20 | Create | Fishing Ship |
| 30:25 | Research | Gillnets |
| 30:30 | Create | Villager (Male) |
| 30:44 | Research | Scale Mail Armor |
| 30:55 | Build | Farm |
| 30:58 | Build | Farm |
| 30:59 | Build | Farm |
| 31:01 | Build | Farm |
| 31:10 | Build | Farm |
| 31:15 | Build | Farm |
| 31:22 | Create | Battering Ram |
| 31:27 | Create | Samurai |
| 31:27 | Create | Samurai |
| 31:27 | Create | Samurai |
| 31:27 | Create | Samurai |
| 31:28 | Create | Samurai |
| 31:28 | Create | Samurai |
| 32:06 | Create | Battering Ram |
| 32:10 | Create | Battering Ram |
| 32:12 | Create | Samurai |
| 32:12 | Create | Samurai |
| 32:13 | Create | Samurai |
Build order — inertgas01
118 actions detected in the replay
| 0:55 | Build | Town Center |
| 1:13 | Build | Dock |
| 1:36 | Build | Palisade Wall |
| 3:07 | Create | Villager (Male) ×4 |
| 3:56 | Research | Loom |
| 3:57 | Create | Villager (Male) |
| 3:57 | Create | Villager (Male) |
| 4:08 | Create | Fishing Ship |
| 4:28 | Create | Villager (Male) |
| 4:41 | Build | House |
| 4:42 | Build | House |
| 5:26 | Create | Fishing Ship |
| 5:36 | Build | House |
| 5:55 | Create | Villager (Male) |
| 6:26 | Create | Villager (Male) |
| 6:42 | Create | Fishing Ship |
| 6:54 | Create | Villager (Male) |
| 7:15 | Create | Villager (Male) |
| 7:22 | Create | Fishing Ship |
| 7:40 | Create | Villager (Male) |
| 8:04 | Create | Villager (Male) |
| 8:05 | Create | Fishing Ship |
| 8:26 | Build | House |
| 8:27 | Build | House |
| 8:33 | Create | Villager (Male) |
| 8:35 | Create | Villager (Male) |
| 9:18 | Build | Mill |
| 9:28 | Create | Villager (Male) |
| 9:55 | Create | Villager (Male) |
| 10:26 | Create | Villager (Male) |
| 10:27 | Create | Villager (Male) |
| 10:27 | Create | Villager (Male) |
| 11:39 | Create | Villager (Male) |
| 11:39 | Create | Villager (Male) |
| 11:40 | Research | Feudal Age |
| 11:48 | Create | Fishing Ship |
| 12:17 | Build | Mining Camp |
| 13:18 | Create | Villager (Male) |
| 13:18 | Create | Villager (Male) |
| 13:57 | Build | Mill |
| 14:41 | Age | Feudal Age |
| 14:44 | Build | Market |
| 14:49 | Build | Blacksmith |
| 14:56 | Build | Palisade Wall |
| 15:06 | Research | Town Watch |
| 15:35 | Research | Castle Age |
| 15:35 | Research | Castle Age |
| 16:46 | Build | Lumber Camp |
| 16:52 | Build | House |
| 17:02 | Build | House |
| 17:03 | Build | House |
| 17:16 | Research | Double-Bit Axe |
| 17:24 | Create | Villager (Male) |
| 17:59 | Build | Outpost |
| 18:15 | Age | Castle Age |
| 18:24 | Build | Castle |
| 18:36 | Build | Outpost |
| 18:46 | Build | Siege Workshop |
| 18:48 | Create | Villager (Male) |
| 18:49 | Research | Bow Saw |
| 19:08 | Create | Villager (Male) |
| 19:18 | Build | Outpost |
| 19:24 | Create | War Wagon ×4 |
| 19:49 | Create | Villager (Male) |
| 20:14 | Research | Fletching |
| 20:38 | Build | Outpost |
| 20:48 | Build | Lumber Camp |
| 20:57 | Create | Villager (Male) |
| 20:58 | Create | War Wagon |
| 21:10 | Research | Bodkin Arrow |
| 21:33 | Build | Outpost |
| 21:44 | Create | Iron Pagoda |
| 22:16 | Build | Farm |
| 22:16 | Build | Farm |
| 22:16 | Build | Farm |
| 22:16 | Build | Farm |
| 22:35 | Create | Villager (Male) |
| 22:36 | Create | War Wagon |
| 23:07 | Create | Villager (Male) |
| 23:11 | Build | Blacksmith |
| 23:28 | Create | Villager (Male) ×2 |
| 23:54 | Create | War Wagon |
| 24:15 | Build | Farm |
| 24:16 | Build | Farm |
| 24:16 | Build | Farm |
| 24:26 | Build | Farm |
| 24:49 | Create | Villager (Male) ×4 |
| 24:51 | Create | War Wagon |
| 25:15 | Create | War Wagon |
| 25:30 | Build | House |
| 25:35 | Build | House |
| 25:36 | Build | House |
| 26:12 | Create | Villager (Male) |
| 26:28 | Create | War Wagon ×3 |
| 27:27 | Create | Villager (Male) ×5 |
| 27:28 | Create | War Wagon ×3 |
| 28:02 | Build | House |
| 28:04 | Build | House |
| 28:23 | Build | Castle |
| 29:58 | Build | Mill |
| 29:59 | Build | Farm |
| 30:00 | Build | Farm |
| 30:00 | Build | Farm |
| 30:00 | Build | Farm |
| 30:00 | Build | Farm |
| 30:01 | Build | Farm |
| 30:01 | Build | Farm |
| 30:01 | Build | Farm |
| 30:43 | Create | Iron Pagoda |
| 30:45 | Build | House |
| 30:47 | Build | House |
| 30:58 | Create | Villager (Male) |
| 31:06 | Create | War Wagon |
| 32:15 | Research | Imperial Age |
| 32:26 | Build | Castle |
| 35:25 | Age | Imperial Age |
| 35:41 | Create | Villager (Male) ×5 |
| 36:36 | Build | Lumber Camp |
Match timeline
| 0:35 | 魔兽难民 · first_building Dock |
| 0:50 | passiontea · first_building Dock |
| 1:01 | passiontea · wall_segment Palisade Wall x1 |
| 1:03 | passiontea · wall_segment Palisade Wall x1 |
| 1:10 | trandaivippro95 · first_building Dock |
| 1:13 | inertgas01 · first_building Dock |
| 1:33 | xidis · first_building Dock |
| 1:36 | inertgas01 · wall_segment Palisade Wall x2 |
| 1:59 | The Sorrow of Moldavia · first_building Dock |
| 2:40 | Ux'Mi Quesa · first_building Dock |
| 4:59 | Fkhlst · first_building Dock |
| 11:33 | Fkhlst · first_building Barracks |
| 12:47 | passiontea · age_up feudal |
| 13:31 | The Sorrow of Moldavia · age_up feudal |
| 13:33 | Fkhlst · age_up feudal |
| 13:53 | trandaivippro95 · age_up feudal |
| 13:55 | xidis · age_up feudal |
| 14:06 | 魔兽难民 · age_up feudal |
| 14:14 | xidis · first_building Barracks |
| 14:16 | Ux'Mi Quesa · age_up feudal |
| 14:41 | inertgas01 · age_up feudal |
| 14:56 | inertgas01 · wall_segment Palisade Wall x4 |
| 15:13 | Ux'Mi Quesa · wall_segment Palisade Wall x1 |
| 15:15 | Ux'Mi Quesa · wall_segment Palisade Wall x3 |
| 15:31 | Ux'Mi Quesa · wall_segment Palisade Wall x13 |
| 15:50 | Ux'Mi Quesa · first_market_buy 100 food |
| 16:02 | xidis · first_building Archery Range |
| 16:11 | Ux'Mi Quesa · wall_segment Stone Wall x8 |
| 16:17 | Ux'Mi Quesa · wall_segment Stone Wall x13 |
| 16:33 | trandaivippro95 · wall_segment Palisade Wall x8 |
| 16:50 | trandaivippro95 · wall_segment Palisade Wall x1 |
| 16:50 | Ux'Mi Quesa · wall_segment Stone Wall x6 |
| 16:55 | trandaivippro95 · wall_segment Palisade Wall x3 |
| 17:28 | 魔兽难民 · first_market_buy 100 stone |
| 17:41 | xidis · wall_segment Stone Wall x10 |
| 17:50 | 魔兽难民 · age_up castle |
| 17:51 | 魔兽难民 · first_building Castle |
| 17:59 | 魔兽难民 · first_building Siege Workshop |
| 18:15 | inertgas01 · age_up castle |
| 18:24 | inertgas01 · first_building Castle |
| 18:31 | xidis · wall_segment Stone Wall x15 |
| 18:33 | xidis · wall_segment Stone Wall x8 |
| 18:34 | trandaivippro95 · age_up castle |
| 18:39 | Ux'Mi Quesa · age_up castle |
| 18:46 | inertgas01 · first_building Siege Workshop |
| 18:55 | xidis · wall_segment Stone Wall x17 |
| 19:07 | xidis · wall_segment Stone Wall x10 |
| 19:18 | trandaivippro95 · wall_segment Stone Wall x3 |
| 19:27 | Ux'Mi Quesa · first_market_sell 100 food |
| 19:35 | trandaivippro95 · wall_segment Stone Wall x5 |
| 19:43 | trandaivippro95 · wall_segment Stone Wall x2 |
| 19:46 | trandaivippro95 · wall_segment Stone Wall x2 |
| 20:07 | xidis · age_up castle |
| 20:52 | passiontea · age_up castle |
| 21:02 | passiontea · first_building Monastery |
| 21:29 | Fkhlst · wall_segment Palisade Wall x1 |
| 21:42 | inertgas01 · first_market_sell 100 wood |
| 21:50 | trandaivippro95 · wall_segment Stone Wall x7 |
| 21:51 | The Sorrow of Moldavia · age_up castle |
| 21:52 | trandaivippro95 · wall_segment Stone Wall x2 |
| 22:23 | Fkhlst · wall_segment Stone Wall x3 |
| 22:43 | Ux'Mi Quesa · first_building Siege Workshop |
| 22:46 | trandaivippro95 · first_market_buy 100 food |
| 23:05 | trandaivippro95 · first_building Barracks |
| 23:28 | 魔兽难民 · first_building Monastery |
| 24:01 | passiontea · first_building Siege Workshop |
| 24:12 | passiontea · first_building Barracks |
| 24:20 | The Sorrow of Moldavia · first_building Monastery |
| 24:36 | Ux'Mi Quesa · first_building Monastery |
| 25:47 | Fkhlst · age_up castle |
| 26:27 | xidis · first_building Castle |
| 26:43 | trandaivippro95 · first_building Monastery |
| 27:40 | trandaivippro95 · first_building Siege Workshop |
| 27:43 | trandaivippro95 · first_building Stable |
| 28:09 | Ux'Mi Quesa · first_building Castle |
| 29:26 | Fkhlst · first_building Castle |
| 29:52 | Fkhlst · first_building Siege Workshop |
| 29:56 | xidis · first_building Monastery |
| 29:58 | passiontea · first_building Castle |
| 30:30 | trandaivippro95 · age_up imperial |
| 30:35 | trandaivippro95 · first_market_sell 100 stone |
| 31:49 | passiontea · wall_segment Palisade Wall x8 |
| 32:06 | 魔兽难民 · first_building Barracks |
| 32:07 | The Sorrow of Moldavia · first_building Castle |
| 32:20 | Fkhlst · first_building Monastery |
| 32:47 | Fkhlst · first_building Archery Range |
| 33:00 | 魔兽难民 · first_building Stable |
| 35:03 | Fkhlst · wall_segment Stone Wall x10 |
| 35:17 | trandaivippro95 · first_building Castle |
| 35:25 | inertgas01 · age_up imperial |
| 36:24 | The Sorrow of Moldavia · resign |
[ AI ANALYSIS · 1 CREDIT ]
What really happened in this match?
Wolo.gg analyzes every decision: build order, eco, micro, common mistakes by bracket. Personalized analysis on WhatsApp or Discord in 30 seconds.
Civ guide
Maya
Perfil
Jugador #18307009